 Dungeon Crawl Stone Soup version 0.26-a0-663-g36e8fdb655 (webtiles) character file.

Game seed: 15935168802533811724

891 Banto the Basher (level 8, -7/56 HPs)
             Began as a Human Gladiator on Oct 12, 2020.
             Mangled by Menkaure (15 damage)
             ... on level 5 of the Dungeon.
             The game lasted 00:06:49 (6306 turns).

Banto the Basher (Human Gladiator)                  Turns: 6306, Time: 00:06:50

Health: -7/56      AC:  8    Str: 14 (16) XL:     8   Next: 27%
Magic:  0/8        EV: 10    Int:  7 (10) God:
Gold:   276        SH:  4    Dex: 11 (14) Spells: 7/7 levels left

rFire    + . .     SeeInvis .   z - +0 morningstar
rCold    . . .     Faith    .   y - +0 buckler
rNeg     . . .     Spirit   +   f - +0 scale mail
rPois    .         Reflect  .   c - +0 helmet
rElec    .         Harm     .   s - +0 cloak
rCorr    +         Rampage  .   (no gloves)
MR       .....                  (no boots)
Stlth    ..........             l - amulet of guardian spirit
HPRegen  0.18/turn              i - ring of resist corrosion
MPRegen  0.11/turn              a - ring of protection from fire

@: flying
A: no striking features
a: no special abilities


You were on level 5 of the Dungeon.
You visited 2 branches of the dungeon, and saw 6 of its levels.

You collected 332 gold pieces.
You spent 56 gold pieces at shops.

Inventory:

Hand Weapons
 z - a +0 morningstar (weapon)
Missiles
 d - 2 throwing nets (quivered)
 o - 11 poisoned darts
Armour
 c - a +0 helmet (worn)
 f - a +0 scale mail (worn)
 s - a +0 cloak (worn)
 y - a +0 buckler (worn)
Jewellery
 a - a ring of protection from fire (right hand)
 i - a ring of resist corrosion (left hand)
 l - an amulet of guardian spirit (around neck)
Scrolls
 b - 3 scrolls of magic mapping
 g - 3 scrolls of remove curse
 m - 3 scrolls of teleportation
 n - 3 scrolls of fear
 q - 3 scrolls of fog
 r - 3 scrolls of amnesia
 w - 2 scrolls of enchant weapon
 A - a scroll of random uselessness {unknown}
Potions
 h - a potion of haste
 j - 2 potions of brilliance
 k - a potion of curing
 p - a potion of heal wounds
 t - 2 potions of stabbing
 u - 2 potions of resistance
 v - a potion of berserk rage


   Skills:
 - Level 2.0 Fighting
 + Level 8.6 Maces & Flails
 - Level 2.0 Throwing
 - Level 3.0 Dodging
 + Level 3.4 Shields


You had 7 spell levels left.
You didn't know any spells.
Your spell library contained the following spells:

 Spells                   Type           Power        Failure   Level
 Confusing Touch          Hex            #.......     100%        3
 Gell's Gravitas          Tloc           #.........   100%        3
 Petrify                  Tmut/Erth      #.......     100%        4
 Metabolic Englaciation   Hex/Ice        #.........   100%        5
 Yara's Violent Unravell  Hex/Tmut       #.........   100%        5


Dungeon Overview and Level Annotations

Branches:
Dungeon (5/15)             Temple (1/1) D:5

Altars:
Ashenzari
Cheibriados
Dithmenos
Elyvilon
Fedhas
Hepliaklqana
Kikubaaqudgha
Makhleb
Qazlal
Ru
Sif Muna
Trog
Uskayaw
Vehumet
Xom
Yredelemnul
The Shining One

Shops:
D:3 ?   D:4 ?(!

Annotations:
D:3 Eustachio
D:5 Menkaure


Message History

Menkaure hits you!
You take 14 damage, and have 19/56 hp.
MASSIVE DAMAGE!!
You now have 3/8 mp.
You are too injured to fight recklessly!
You are too injured to fight recklessly!
Okay, then.
You hit Menkaure but do no damage. You block Menkaure's attack.
You hit Menkaure but do no damage. You sock Menkaure!
Menkaure is moderately damaged.
Menkaure hits you!
* * * LOW HITPOINT WARNING * * *
You take 11 damage, and have 8/56 hp.
You now have 1/8 mp.
It was a potion of degeneration.
There was something very wrong with that liquid.
You feel weakened.
You feel dopey.
You feel clumsy. Menkaure hits you but does no damage.
It was a potion of flight.
You feel very buoyant.
You fly up into the air.
The worker ant closely misses you. Menkaure hits you!
You die...

...# ......#######..## #.# #.
...# ................# #.# #.
...# ................# #.# #.
...# M...............# #.# ##
#### .............)..###.###
................'.....#
................###.#.#
#B#######+###+#'##
#######@M####...........
#.........).............
#......≈≈≈≈≈............
#....≈≈≈≈≈≈≈≈≈..........
#..≈≈≈≈≈≈≈≈≈≈≈≈≈........ ########
#.≈≈≈≈≈≈...≈≈≈≈≈≈.......
.......###.≈≈≈≈≈≈.>.≈≈≈≈≈≈.....).
...........≈≈≈≈≈≈...≈≈≈≈≈≈.......
.......##..≈≈≈≈≈≈≈≈≈≈≈≈≈≈≈.......


You could see Menkaure and a worker ant.

Vanquished Creatures
  An ice beast (D:5)
  A phantom (D:4)
  3 ogres
  A scorpion (D:5)
  A hound (D:5)
  Natasha (thrice) (D:3)
  2 worker ants
  3 orc wizards (D:5)
  Robin (D:4)
  6 adders
  A howler monkey skeleton (D:5)
  2 oozes (D:1)
  An adder skeleton (D:4)
  2 worms
  4 dart slugs
  A leopard gecko (D:4)
  7 orcs
  5 bats
  5 giant cockroaches
  7 hobgoblins
  6 jackals (D:4)
  A quokka (D:2)
  3 frilled lizards
  17 goblins
  A jackal skeleton (D:5)
  6 kobolds
  10 rats
101 creatures vanquished.

Notes
Turn   | Place    | Note
-------+----------+-------------------------------------------
     0 | D:1      | Banto the Human Gladiator began the quest for the Orb.
     0 | D:1      | Reached XP level 1. HP: 16/16 MP: 1/1
   123 | D:1      | Reached XP level 2. HP: 11/22 MP: 2/2
   556 | D:1      | Reached skill level 4 in Maces & Flails
   556 | D:1      | Reached XP level 3. HP: 27/27 MP: 3/3
   848 | D:2      | Reached XP level 4. HP: 31/33 MP: 4/4
   895 | D:2      | Found a broken altar of Ashenzari.
  1246 | D:2      | Found a burning altar of Makhleb.
  1340 | D:2      | Found a glowing golden altar of the Shining One.
  1365 | D:2      | Reached skill level 5 in Maces & Flails
  1645 | D:3      | Noticed Natasha
  1662 | D:3      | Killed Natasha
  1662 | D:3      | Reached XP level 5. HP: 20/38 MP: 3/5
  2138 | D:3      | Found a faded altar of an unknown god.
  2255 | D:3      | Noticed Natasha
  2264 | D:3      | Killed Natasha
  2398 | D:3      | Reached skill level 6 in Maces & Flails
  2902 | D:3      | Noticed Natasha
  2914 | D:3      | Killed Natasha
  2914 | D:3      | Reached XP level 6. HP: 16/44 MP: 1/6
  3219 | D:4      | Found Kiosuo's Magic Scroll Emporium.
  3226 | D:4      | Noticed an ogre
  3266 | D:4      | Killed an ogre
  3273 | D:4      | Bought a scroll of identify for 28 gold pieces
  3273 | D:4      | Bought a scroll of identify for 28 gold pieces
  3302 | D:4      | Found Modgh's Distillery.
  3340 | D:4      | Noticed Eustachio
  3375 | D:4      | Noticed Robin
  3385 | D:4      | Found a shimmering altar of Xom.
  3677 | D:4      | Reached skill level 7 in Maces & Flails
  3695 | D:4      | Killed Robin
  4301 | D:4      | Found Itycla's Weapon Boutique.
  4366 | D:4      | Noticed a phantom
  4402 | D:4      | Killed a phantom
  4402 | D:4      | Reached XP level 7. HP: 31/50 MP: 4/7
  4615 | D:4      | Found a shimmering altar of Xom.
  4616 | D:4      | Found a shimmering altar of Xom.
  4922 | D:5      | Entered Level 5 of the Dungeon
  4996 | D:5      | Found a bloodstained altar of Trog.
  5002 | D:5      | Found an ancient bone altar of Kikubaaqudgha.
  5102 | D:5      | Found a staircase to the Ecumenical Temple.
  5136 | Temple   | Entered the Ecumenical Temple
  5383 | D:5      | Reached skill level 1 in Shields
  5397 | D:5      | Reached skill level 8 in Maces & Flails
  5818 | D:5      | Reached XP level 8. HP: 32/56 MP: 4/8
  5996 | D:5      | Found a white marble altar of Elyvilon.
  6288 | D:5      | Noticed Menkaure
  6306 | D:5      | Mangled by Menkaure

Illustrated notes

Levels and vault maps discovered:
D:1:      saegor_arrival_simple_d, layout_rooms
D:2:      layout_rooms, nicolae_ashenzari_panopticon,
          nicolae_overflow_crystal_walls, old_standard_altar, minmay_between
D:3:      layout_basic, chequers_ecumenical_altar_island, uniq_natasha
D:4:      layout_cave_pools, xom_redecorated, serial_shops, shop, shop,
          nicolae_shop_competitors_out_of_business, uniq_eustachio, uniq_robin
D:5:      layout_basic, elyvilon_altar_5, minitemple, temple_pool_b,
          uniq_menkaure
Temple:   jpeg_temple_alley_garden

Skill      XL: |  1  2  3  4  5  6  7  8 |
---------------+-------------------------+-----
Maces & Flails | 4 5 6 7 8 |  8.6
Shields        | 2 3 |  3.4
Fighting       | |  2.0
Throwing       | |  2.0
Dodging        | |  3.0

Action                   |  1- 3 |  4- 6 |  7- 9 || total
-------------------------+-------+-------+-------++-------
Melee: Flail             |    75 |   284 |    20 ||   379
       Morningstar       |       |       |    80 ||    80
Throw: Throwing net      |       |     1 |       ||     1
  Use: Scroll            |       |    12 |     3 ||    15
       Potion            |       |       |     2 ||     2
Armor: Leather armour    |     7 |       |       ||     7
       Scale mail        |    41 |   169 |    58 ||   268
Dodge: Dodged            |    48 |   173 |    43 ||   264
Block: Buckler           |       |       |     9 ||     9

Table legend: (Time is in decaauts)
 A = Elapsed time spent in this place.
 B = Non-inter-level travel time spent in this place.
 C = Inter-level travel time spent in this place.
 D = Time resting spent in this place.
 E = Time spent auto-exploring this place.
 F = Levels seen in this place.
 G = Mean time per level.
                   A        B        C        D        E       F      G
               +--------+--------+--------+--------+--------+-----+--------+
         Total |   6382 |   6140 |    242 |   1471 |   3533 |   6 | 1063.7 |
       Dungeon |   6156 |   5966 |    190 |   1471 |   3361 |   5 | 1231.2 |
        Temple |    225 |    173 |     52 |      0 |    172 |   1 |  225.0 |
               +--------+--------+--------+--------+--------+-----+--------+

Top non-repeatable levels by time:
     D:3: 1951 daAuts
     D:4: 1422 daAuts
     D:5: 1170 daAuts
     D:2: 881 daAuts
     D:1: 731 daAuts
  Temple: 225 daAuts

Table legend:
 A = Kills in this place as a percentage of kills in entire the game.
 B = Kills by you in this place as a percentage of kills by you in the entire game.
 C = Kills by friends in this place as a percentage of kills by friends in the entire game.
 D = Other kills in this place as a percentage of other kills in the entire game.
 E = Experience gained in this place as a percentage of experience gained in the entire game.
 F = Experience gained in this place divided by the number of levels of this place that you have seen.
                   A       B       C       D       E      F
               +-------+-------+-------+-------+-------+----------------------
         Total | 100.0 | 100.0 |   N/A |   N/A | 100.0 | 212.2
       Dungeon | 100.0 | 100.0 |   N/A |   N/A | 100.0 | 254.6
               +-------+-------+-------+-------+-------+----------------------
